 Dungeon Crawl Stone Soup version 0.27.0-1-g7a089689b8 (webtiles) character file.

Game seed: 17221365682948157920

194 jamesdean20 the Chopper (level 5, 0/47 HPs)
             Began as a Hill Orc Monk on Aug 9, 2021.
             Slain by a centaur (3 damage)
             ... on level 4 of the Dungeon.
             The game lasted 00:20:11 (4225 turns).

jamesdean20 the Chopper (Hill Orc Monk)             Turns: 4225, Time: 00:20:11

Health: 0/47       AC:  4    Str: 14    XL:     5   Next: 73%
Magic:  0/5        EV: 13    Int: 16    God:
Gold:   217        SH:  0    Dex: 14    Spells: 4/4 levels left

rFire    . . .     SeeInvis .   n - +0 hand axe (flame)
rCold    + . .     Faith    .   (no shield)
rNeg     . . .     Spirit   +   b - +0 robe
rPois    .         Reflect  .   (no helmet)
rElec    .         Harm     .   (no cloak)
rCorr    .         Rampage  .   (no gloves)
Will     .....                  e - +1 pair of boots
Stlth    +.........             o - amulet of guardian spirit
HPRegen  0.15/turn              f - ring of protection from cold
MPRegen  0.09/turn              k - +6 ring of intelligence

@: confused
A: no striking features
a: no special abilities


You were on level 4 of the Dungeon.
You visited 1 branch of the dungeon, and saw 4 of its levels.

You collected 217 gold pieces.

Inventory:

Hand Weapons
 n - a +0 hand axe of flaming (weapon)
Missiles
 d - 2 throwing nets (quivered)
Armour
 b - a +0 robe (worn)
 e - a +1 pair of boots (worn)
Jewellery
 a - a +6 ring of intelligence
 f - a ring of protection from cold (left hand)
 k - a +6 ring of intelligence (right hand)
 o - an amulet of guardian spirit (around neck)
Wands
 i - a wand of digging (5)
Potions
 g - a potion of magic {unknown}
 j - a potion of curing {unknown}
 l - 2 potions of resistance


   Skills:
 + Level 4.7 Fighting
 + Level 6.1 Axes
 + Level 3.0 Dodging
 + Level 2.5 Stealth


You had 4 spell levels left.
You didn't know any spells.
Your spell library contained the following spells:

 Spells                   Type           Power      Damage    Failure   Level
 Olgreb's Toxic Radiance  Pois           0%         N/A       94%         4
 Ozocubu's Refrigeration  Ice            0%         4d5       100%        7
 Ignition                 Fire           0%         3d3       100%        8


Dungeon Overview and Level Annotations

Branches:
Dungeon (4/15)
 Temple: D:4-7

Altars:


Message History

There is a stone staircase leading down here.
You climb downwards.
There is a stone staircase leading up here.
Found a war axe.
The orc shouts!
The orc wizard shouts!
You hear a shout!
A centaur comes into view.
The orc shouts!
The centaur shouts!
You hear a shout!
The centaur wields a +0 shortbow.
The centaur shoots an arrow.
The arrow barely misses you.
The centaur shoots an arrow.
The arrow hits you!
The orc wizard mumbles some strange words.
The orc wizard flickers and vanishes!
Deactivating autopickup; reactivate with Ctrl-A.
The centaur shoots an arrow.
The arrow barely misses you.
The centaur shoots an arrow.
The arrow hits you.
The orc drinks a potion.
The orc suddenly seems more resistant.
The centaur shoots an arrow.
The arrow hits you!
The centaur shoots an arrow.
The arrow hits you!
The centaur shoots an arrow.
The arrow barely misses you.
The orc throws a boomerang.
The boomerang barely misses you.
The centaur shoots an arrow.
The arrow closely misses you.
The centaur shoots an arrow.
The arrow barely misses you.
A magic dart appears from out of thin air!
The magic dart hits you!
The orc throws a stone.
The stone hits you.
* * * LOW HITPOINT WARNING * * *
The orc throws a stone.
The stone misses you.
The orc throws a boomerang.
The boomerang closely misses you.
You are confused.
The centaur shoots an arrow.
The arrow closely misses you.
The centaur shoots an arrow.
The arrow hits you!
* * * LOW HITPOINT WARNING * * *
The centaur shoots an arrow.
The arrow completely misses you.
You bump into the rock wall.
The orc throws a boomerang.
The boomerang hits you.
* * * LOW HITPOINT WARNING * * *
The centaur unwields a +0 shortbow.
The centaur hits you.
* * * LOW HITPOINT WARNING * * *
The centaur kicks you.
You die...

.....#...........................
................###..............
...............## ##.............
...............# .............
...............## ##............
................# #.........###.
...........o..o.####....# .. #.
............o{oc...#...#
######..#######.@.....# ##..#
#####...# ##.# ###.## ### ##..###
##.##..# #.###### ###


You could see a centaur and 4 orcs.

Vanquished Creatures
  A hound (D:4)
  An orc wizard (D:3)
  A hound skeleton (D:4)
  4 adders
  A worm (D:3)
  2 dart slugs (D:2)
  6 orcs (D:3)
  4 bats
  6 endoplasms
  A giant cockroach (D:1)
  9 goblins
  6 hobgoblins
  9 jackals
  4 quokkas
  3 ball pythons
  5 frilled lizards
  6 kobolds
  5 rats (D:2)
74 creatures vanquished.

Notes
Turn   | Place    | Note
-------+----------+-------------------------------------------
     0 | D:1      | jamesdean20 the Hill Orc Monk began the quest for the Orb.
     0 | D:1      | Reached XP level 1. HP: 19/19 MP: 1/1
   140 | D:1      | Found a faded altar of an unknown god.
   381 | D:1      | Reached XP level 2. HP: 24/27 MP: 2/2
  1246 | D:2      | Reached XP level 3. HP: 33/33 MP: 3/3
  1768 | D:2      | Reached skill level 5 in Axes
  1790 | D:2      | Reached XP level 4. HP: 34/40 MP: 4/4
  2078 | D:2      | You fall into a shaft and drop 2 floors!
  2809 | D:3      | Reached XP level 5. HP: 42/47 MP: 5/5
  3575 | D:4      | Reached skill level 6 in Axes
  3839 | D:4      | Noticed an ogre
  4205 | D:4      | Noticed a centaur
  4225 | D:4      | Slain by a centaur

Illustrated notes

Levels and vault maps discovered:
D:1:      erik_arrival_orb_chamber, layout_loops_corners,
          shapermc_ecumenical_altar_starsandcircs, columned_hall_lemuel,
          minivault_11, wander_ebering_terrifying_dragon_lair
D:2:      layout_loops_cross, minmay_divided_ellipse
D:3:      layout_basic, minmay_box_of_dots
D:4:      layout_layer_cave, mainiacjoe_overflow_swirl, grunt_decor_junction

Skill      XL: |  1  2  3  4  5 |
---------------+----------------+-----
Fighting       | 4 |  4.7
Axes           | 5 6 |  6.1
Stealth        | 2 |  2.5
Dodging        | 3 |  3.0

Action                   |  1- 3 |  4- 6 || total
-------------------------+-------+-------++-------
Melee: Hand axe          |   106 |   144 ||   250
  Use: Scroll            |     2 |     3 ||     5
 Stab: Sleeping          |     7 |     3 ||    10
Armor: Robe              |    17 |    32 ||    49
Dodge: Dodged            |    52 |   101 ||   153
